 Dungeon Crawl Stone Soup version 0.30-a0-728-gc68057be0a (webtiles) character file.

Game seed: 15278307455949726045

139320 scionoferis the Prestidigitator (level 16, -9/124 HPs)
             Began as a Demigod Hexslinger on Jan 29, 2023.
             Mangled by Mlioglotl (21 damage)
             ... on level 1 of the Snake Pit on Jan 30, 2023.
             The game lasted 03:10:56 (33406 turns).

scionoferis the Prestidigitator (DgHs)             Turns: 33406, Time: 03:10:57

Health: -9/124     AC: 21    Str: 11    XL:     16   Next: 22%
Magic:  21/21      EV: 21    Int: 15    God:
Gold:   2438       SH:  0    Dex: 37    Spells: 16/17 levels left

rFire   + . .      SeeInvis .    a - +4 scimitar (flame)
rCold   . . .      Faith    .    (no shield)
rNeg    + . .      Spirit   .    Q - +2 scale mail {rPois}
rPois   +          Reflect  .    e - +0 helmet
rElec   .          Harm     .    T - +2 cloak
rCorr   .          Rampage  +    i - +0 pair of gloves of Gallantry {rN+ Dex+3}
Will    +....                    W - +1 pair of boots {rampage}
Stlth   +++++                    G - amulet of the acrobat
HPRegen 0.40/turn                J - ring of protection from fire
MPRegen 0.17/turn                S - +4 ring of protection

@: afraid, slowed, very slow
A: high MP 1, forlorn, divine attributes
a: no special abilities


You were on level 1 of the Snake Pit.
You visited 4 branches of the dungeon, and saw 24 of its levels.
You also visited: Ossuary, Bailey and Ice Cave.

You collected 2816 gold pieces.
You spent 378 gold pieces at shops.


Innate Abilities, Weirdness & Mutations

You have an increased reservoir of magic. (+10% MP)
You shall have no god before yourself.
Your divine heritage dramatically boosts your attributes as you level up.


   Skills:
 + Level 6.3 Fighting
 - Level 10.0(12.7) Short Blades
 - Level 12.6(14.0) Long Blades
 * Level 6.5 Ranged Weapons
 - Level 5.0 Armour
 + Level 12.5 Dodging
 + Level 12.0 Stealth
 - Level 1.0 Spellcasting
 - Level 2.6 Hexes
 + Level 14.0 Evocations


You had 16 spell levels left.
You knew the following spells:

 Your Spells              Type           Power      Damage    Failure   Level
a - Slow                  Hex            32%        N/A       38%         1

Your spell library contained the following spells:

 Spells                   Type           Power      Damage    Failure   Level
 Ensorcelled Hibernation  Hex/Ice        8%         N/A       73%         2
 Magic Dart               Conj           0%         1d3       77%         1
 Necrotise                Necr           0%         1d4       77%         1
 Call Imp                 Summ           0%         N/A       88%         2
 Cigotuvi's Dreadful Rot  Necr/Pois/Air  0%         N/A       88%         2
 Lesser Beckoning         Tloc           0%         N/A       88%         2
 Passwall                 Tmut/Erth      0%         N/A       88%         2
 Sublimation of Blood     Necr           0%         N/A       88%         2
 Inner Flame              Hex/Fire       4%         N/A       91%         3
 Portal Projectile        Hex/Tloc       8%         N/A       91%         3
 Summon Guardian Golem    Hex/Summ       4%         N/A       91%         3
 Call Canine Familiar     Summ           0%         N/A       98%         3
 Frozen Ramparts          Ice            0%         1d1       98%         3
 Gell's Gravitas          Tloc           0%         N/A       98%         3
 Mephitic Cloud           Conj/Pois/Air  0%         N/A       98%         3
 Swiftness                Air            0%         N/A       98%         3
 Teleport Other           Tloc           0%         N/A       98%         3
 Vampiric Draining        Necr           0%         2d6       98%         3
 Cause Fear               Hex            4%         N/A       99%         4
 Animate Armour           Summ/Erth      0%         N/A       100%        4
 Dispel Undead            Necr           0%         3d6       100%        4
 Flame Wave               Conj/Fire      0%         2d4       100%        4
 Leda's Liquefaction      Hex/Erth       2%         N/A       100%        4
 Petrify                  Tmut/Erth      0%         N/A       100%        4
 Sticky Flame             Conj/Fire      0%         2d3       100%        4
 Agony                    Necr           0%         N/A       100%        5
 Blade Hands              Tmut           0%         N/A       100%        5
 Irradiate                Conj/Tmut      0%         3d11      100%        5
 Death Channel            Necr           0%         N/A       100%        6
 Iron Shot                Conj/Erth      0%         9d1       100%        6
 Simulacrum               Ice/Necr       0%         N/A       100%        6
 Orb of Destruction       Conj           0%         9d5       100%        7
 Ozocubu's Refrigeration  Ice            0%         4d7       100%        7
 Spellforged Servitor     Conj/Summ      0%         N/A       100%        7

Inventory:

Hand Weapons
 a - a +4 scimitar of flaming (weapon)
   (You took it off an efreet on level 15 of the Dungeon)
 b - a +0 arbalest
   (You took it off an orc warrior on level 9 of the Dungeon)
 d - a +1 dagger of speed
   (You took it off an orc sorcerer on level 2 of the Orcish Mines)
 h - the +7 falchion "Coijuk" {spect, rC+ Will+}
   (You found it on level 9 of the Dungeon)

   rC:        It protects you from cold.
   Will:      It increases your willpower.
 P - a +1 antimagic dagger
   (You took it off an orc on level 2 of the Orcish Mines)
Missiles
 r - 59 poisoned darts (quivered)
Armour
 e - a +0 helmet (worn)
   (You found it on level 9 of the Dungeon)
 i - the +0 pair of gloves of Gallantry (worn) {rN+ Dex+3}
   (You acquired it on level 10 of the Dungeon)

   Dex:       It affects your dexterity (+3).
   rN:        It protects you from negative energy.
 l - a +1 robe of resistance
   (You found it on level 4 of the Dungeon)
 H - the +5 ring mail of Inevitability {+Inv}
   (You found it on level 5 of the Dungeon)

   +Inv:      It lets you turn invisible.
 Q - a +2 scale mail of poison resistance (worn)
   (You took it off an orc priest on level 2 of the Orcish Mines)
 T - a +2 cloak (worn)
   (You bought it in a shop on level 8 of the Dungeon)
 W - a +1 pair of boots of rampaging (worn)
   (You found it in a bailey)
Jewellery
 k - a ring of see invisible
   (You found it on level 14 of the Dungeon)
 o - a ring of ice
   (You took it off an orc on level 3 of the Dungeon)
 C - a ring of protection from fire
   (You found it on level 9 of the Dungeon)
 E - a ring of flight
   (You took it off a deep elf pyromancer on level 14 of the Dungeon)
 G - an amulet of the acrobat (around neck)
   (You found it on level 14 of the Dungeon)
 J - a ring of protection from fire (left hand)
   (You found it on level 5 of the Dungeon)
 S - a +4 ring of protection (right hand)
   (You took it off a wight on level 8 of the Dungeon)
Wands
 c - a wand of paralysis (22)
   (You found it on level 5 of the Dungeon)
 q - a wand of polymorph (5)
   (You found it on level 2 of the Snake Pit)
 M - a wand of flame (26)
   (You found it on level 6 of the Dungeon)
 O - a wand of roots (9)
   (You found it on level 11 of the Dungeon)
 V - a wand of digging (6)
   (You found it on level 2 of the Snake Pit)
 X - a wand of acid (13)
   (You found it on level 13 of the Dungeon)
Scrolls
 f - 2 scrolls of amnesia
 g - 17 scrolls of teleportation
 s - 2 scrolls of blinking
 t - a scroll of magic mapping
 u - a scroll of fog
 y - 2 scrolls of vulnerability
 D - 2 scrolls of fear
 F - a scroll of enchant armour
 K - 3 scrolls of silence
 L - a scroll of summoning
Potions
 j - a potion of berserk rage {unknown}
 m - 3 potions of ambrosia
 n - 2 potions of invisibility
 p - 2 potions of mutation
 v - 2 potions of haste
 w - 11 potions of curing
 x - 4 potions of heal wounds
 A - 3 potions of cancellation
 B - 3 potions of resistance
 I - 2 potions of magic
 N - 5 potions of flight
Miscellaneous
 z - a lightning rod (3/4)
   (You found it on level 5 of the Lair of Beasts)
 R - a condenser vane
   (You found it on level 12 of the Dungeon)

Dungeon Overview and Level Annotations

Branches:
Dungeon (15/15)            Temple (0/1) D:7            Lair (5/5) D:8
 Shoals (0/4) Lair:3        Snake (2/4) Lair:3        Slime (0/5) Lair:4
    Orc (2/2) D:12            Elf (0/3) Orc:2        Vaults (0/5) D:14
 Depths (0/4) D:15        Ossuary (visited)          Bailey (visited)
  IceCv (visited)

Shops:
D:5 :   D:6 (   D:8 [   D:9 !=   D:12 *   Orc:2 *(:[

Annotations:
Snake:1 Mlioglotl

##### ##....#.##'#
##.....#.##.#
#....w.#.##.#
#.xX.Xw#.##.#
#XXX.W.#.##:#
#XX#.###.##.####
#XXXb..'.......#
#WX3X..'.......#
#####@XX#.#########
##...5hX3#...#
##.....5x.....# ###
##........#.#.##
#.###........#...##
#...'...#..#....##
#####.....###..##
####### ####


You could see 10 starcursed masses, Mlioglotl (strong, scary), a tentacled
starspawn (summoned), a thrashing horror (summoned), 2 large abominations, 2
freezing wraiths, a sixfirhy (summoned), a raiju (summoned), a ynoxinul
(summoned), 2 small abominations, a fire bat (summoned), 2 starspawn tentacles
and 2 ufetubi.


Message History

You rampage towards the naga!
The helpless naga fails to defend itself.
You stick the naga like a pincushion!!!!
You kill the naga!
w - 11 potions of curing (gained 1)
Things that are here:
a +0 glaive; a naga corpse
Found 18 gold pieces.
You now have 2391 gold pieces (gained 26).
You now have 2409 gold pieces (gained 18).
A salamander comes into view. It is wielding a +1 spear.
A naga warrior and a naga sharpshooter come into view.
You rampage towards the salamander!
The helpless salamander fails to defend itself.
You perforate the salamander like a sieve!!!!!
You kill the salamander!
A naga ritualist comes into view. It is wielding a +0 flail.
Things that are here:
a +1 spear; a salamander corpse You rampage towards the naga sharpshooter!
The helpless naga sharpshooter fails to defend itself.
You perforate the naga sharpshooter like a sieve!!!!!
You kill the naga sharpshooter!
You have reached level 16!
You rampage towards the naga warrior!
The helpless naga warrior fails to defend itself.
You skewer the naga warrior like a kebab!!!!!
You kill the naga warrior!
The helpless naga ritualist fails to defend itself.
You perforate the naga ritualist like a sieve!!!!!
You kill the naga ritualist!
Things that are here:
a +0 long sword; a +0 robe; a naga corpse
Things that are here:
a +0 flail; a +0 robe
Things that are here:
a +0 long sword; a +0 shortbow
Things that are here:
a +1 spear; a salamander corpse A naga sharpshooter and a naga come into view.
Found a robe.
There is a stone staircase leading up here.
An anaconda comes into view.
Found an escape hatch in the floor.
A naga sharpshooter and a mana viper come into view.
The anaconda grabs you. The anaconda bites you! The anaconda constricts you.
The anaconda's grasp on you weakens, but your attempt to escape fails.
The mana viper hisses angrily.
The anaconda bites you but does no damage.
The anaconda constricts you.
The anaconda bites you but does no damage.
The anaconda constricts you.
The anaconda's grasp on you weakens, but your attempt to escape fails.
The anaconda misses you. The anaconda constricts you.
Your +4 scimitar of flaming bursts into flame!
a - a +4 scimitar of flaming (weapon)
The anaconda bites you! The anaconda constricts you.
You slash the anaconda! You burn the anaconda.
The anaconda is moderately wounded.
The anaconda closely misses you. The anaconda constricts you.
The anaconda misses you. The anaconda constricts you.
You barely miss the anaconda.
The anaconda is moderately wounded.
The anaconda bites you but does no damage.
The anaconda constricts you.
The naga sharpshooter unwields a +0 glaive.
The naga sharpshooter wields a +0 shortbow.
The naga sharpshooter shoots an arrow.
The arrow hits you.
You slice the anaconda!! You burn the anaconda!
You kill the anaconda!
The mana viper bites you.
You feel your power leaking away.
Your Fighting skill increases to level 6!
You rampage towards the naga sharpshooter!
You hit the naga sharpshooter but do no damage.
The naga sharpshooter shoots an arrow.
The arrow barely misses you. The mana viper completely misses you.
You closely miss the naga sharpshooter.
Your punch misses the naga sharpshooter.
The mana viper misses you.
The naga sharpshooter shoots an arrow.
The arrow barely misses you.
You hit the naga sharpshooter but do no damage.
The mana viper bites you but does no damage.
You slash the naga sharpshooter! You burn the naga sharpshooter.
The naga sharpshooter is lightly wounded.
The naga sharpshooter shoots an arrow.
The arrow hits you! The mana viper completely misses you.
You slash the naga sharpshooter! You burn the naga sharpshooter.
The naga sharpshooter is heavily wounded.
The naga sharpshooter shoots an arrow.
The arrow barely misses you. The mana viper completely misses you.
You slash the naga sharpshooter! You burn the naga sharpshooter.
The naga sharpshooter is heavily wounded.
The mana viper bites you!
You feel your power leaking away.
You hit the naga sharpshooter but do no damage.
The naga sharpshooter is heavily wounded.
The naga sharpshooter shoots an arrow.
The arrow misses you. The mana viper closely misses you.
You closely miss the naga sharpshooter.
The naga sharpshooter is heavily wounded.
The naga sharpshooter casts a spell.
The naga sharpshooter magically shoots an arrow.
The arrow barely misses you. The mana viper bites you.
You feel your power leaking away.
You slice the naga sharpshooter!! You burn the naga sharpshooter.
The naga sharpshooter is almost dead.
The naga sharpshooter casts a spell.
The naga sharpshooter magically shoots an arrow.
The arrow hits you. The mana viper bites you.
You feel your power leaking away.
You slash the naga sharpshooter! You burn the naga sharpshooter.
You kill the naga sharpshooter!
The mana viper completely misses you.
You barely miss the mana viper. The mana viper misses you.
You barely miss the mana viper.
The mana viper bites you but does no damage.
You closely miss the mana viper. The mana viper bites you.
You closely miss the mana viper. The mana viper misses you.
You barely miss the mana viper.
The mana viper bites you but does no damage.
You closely miss the mana viper. You slash the mana viper!
You burn the mana viper.
The mana viper is moderately wounded.
The mana viper bites you!
You feel your power leaking away.
You completely miss the mana viper.
The mana viper is moderately wounded.
The mana viper bites you but does no damage.
You slice the mana viper!! You burn the mana viper!
The mana viper is almost dead.
The mana viper bites you but does no damage.
You barely miss the mana viper.
You punch the mana viper, but do no damage.
The mana viper is almost dead.
The mana viper bites you!
You slice the mana viper!! You burn the mana viper.
You kill the mana viper!
Items here: )) [ †.
You start resting.
Magic restored.
You start resting.
HP restored.
Items here: )) [ †.
Your +4 scimitar of flaming stops flaming.
Your hands tingle!
d - a +1 dagger of speed (weapon)
A black mamba comes into view.
You rampage towards the black mamba!
The helpless black mamba fails to defend itself.
You spit the black mamba like a pig!!!!!
You kill the black mamba!
A black mamba comes into view.
You rampage towards the black mamba!
Found a stone staircase leading down.
You rampage towards the black mamba!
Found Tilitua's Magic Scroll Emporium.
The helpless black mamba fails to defend itself.
You skewer the black mamba like a kebab!!!!!
You kill the black mamba!
Found an escape hatch in the ceiling.
A nagaraja comes into view. It is wielding a +0 flail.
You see here a black mamba corpse.
A naga comes into view. It is wielding a +0 battleaxe.
You rampage towards the naga!
The helpless naga fails to defend itself.
You perforate the naga like a sieve!!!!
You kill the naga!
You see here a +0 battleaxe.
You rampage towards the nagaraja!
You rampage towards the nagaraja!
Found 6 stones.
The helpless nagaraja fails to defend itself.
You perforate the nagaraja like a sieve!!!!
You kill the nagaraja!
Your Ranged Weapons skill increases to level 6!
Things that are here:
a +0 flail; a +0 robe A naga comes into view.
It is wielding a +4 dire flail.
The shop is a mimic!
The shop mimic guffaws and vanishes in a puff of smoke!
Found a scroll of amnesia.
A naga warrior comes into view. It is wielding a +0 halberd.
The naga warrior shouts!
Found a stone staircase leading up.
Your +4 scimitar of flaming bursts into flame!
a - a +4 scimitar of flaming (weapon)
A black mamba and a salamander come into view.
The naga warrior spits poison at you. The splash of poison misses you.
You rampage towards the naga warrior!
The naga shouts!
You hit the naga warrior. You burn the naga warrior.
The naga warrior is lightly wounded.
The naga warrior hits you with a +0 halberd!
The naga warrior grabs you. The naga warrior constricts you.
You slice the naga warrior!! You burn the naga warrior!
The naga warrior is severely wounded.
The naga warrior roars a battlecry!
The nagas go into a battle-frenzy!
The naga warrior constricts you.
You barely miss the naga warrior.
The naga warrior is severely wounded.
You hit the naga warrior. You burn the naga warrior.
The naga warrior is severely wounded.
The naga warrior hits you but does no damage.
The naga warrior constricts you.
The salamander hits you but does no damage.
You closely miss the naga warrior.
The naga warrior is severely wounded.
The naga warrior barely misses you. The naga warrior constricts you.
You hit the naga warrior but do no damage.
The naga warrior is severely wounded.
The naga hits you with a +4 dire flail!!
The salamander hits you from afar with a +0 spear!
You are engulfed in flames.
You resist.
You closely miss the naga warrior.
The naga warrior is severely wounded.
The naga warrior hits you but does no damage.
The naga warrior constricts you.
The salamander hits you but does no damage.
You hit the naga warrior. You burn the naga warrior.
The naga warrior is severely wounded.
The naga warrior spits poison at you.
The splash of poison hits you but does no damage.
You are poisoned.
You resist. The naga warrior constricts you.
You slice the naga warrior!! You burn the naga warrior!
You kill the naga warrior!
You feel sick.
The salamander hits you from afar with a +0 spear!
You are engulfed in flames!
You resist. The naga spits poison at you. The splash of poison hits you.
You resist.
You feel sick.
You feel sick.
You feel sick.
There is a stone staircase leading up here.
You feel sick.
You climb upwards.
You feel sick.
There is a stone staircase leading down here.
You start resting.
You feel sick.
You are no longer poisoned.
You start resting.
HP restored.
You climb downwards.
The naga spits poison at you. The splash of poison misses you.
There is a stone staircase leading up here.
You rampage towards the naga!
You slice the naga!! You burn the naga!
You kill the naga!
You rampage towards the salamander!
Found a scroll of enchant armour.
The salamander completely misses you.
Things that are here:
a scroll of amnesia; a +0 halberd You rampage towards the salamander!
You hit the salamander.
The salamander is lightly wounded.
You slash the salamander!
The salamander is lightly wounded.
The salamander hits you but does no damage.
You slash the salamander!
The salamander is moderately wounded.
The salamander barely misses you.
You slash the salamander!
The salamander is heavily wounded.
You hit the salamander.
The salamander is heavily wounded.
The salamander closely misses you.
You closely miss the salamander.
The salamander is heavily wounded.
The salamander completely misses you.
You slice the salamander!!
The salamander is almost dead.
The salamander hits you with a +0 spear.
You are engulfed in flames.
You resist.
You hit the salamander but do no damage.
The salamander is almost dead.
You slash the salamander!
You kill the salamander!
There is a stone staircase leading up here.
There is a stone staircase leading up here.
Your +4 scimitar of flaming stops flaming.
Your hands tingle!
d - a +1 dagger of speed (weapon)
The helpless black mamba fails to defend itself.
You skewer the black mamba like a kebab!!!!!
You kill the black mamba!
You see here a +4 dire flail.
f - 2 scrolls of amnesia (gained 1)
You see here a +0 halberd.
Found a ring mail.
You see here a +0 spear.
F - a scroll of enchant armour A black mamba comes into view.
Found a leather armour.
Found a mace and a wand of polymorph (5).
Found an ivory wand.
Found a stone staircase leading down.
Found 8 gold pieces.
A naga sharpshooter comes into view. It is wielding a +0 hand axe.
Found a scroll of noise.
A naga comes into view. It is wielding a +3 war axe.
You rampage towards the black mamba!
The helpless black mamba fails to defend itself.
You spit the black mamba like a pig!!!!
You kill the black mamba!
Your Evocations skill increases to level 14!
You rampage towards the naga!
The helpless naga fails to defend itself.
You skewer the naga like a kebab!!!!!
You kill the naga!
Press: ? - help, v - describe, . - travel, g - get item
Items here: a +3 war axe; a +0 robe; a naga corpse.
The floor, spattered with blood.
Unknown command.
A naga sharpshooter comes into view.
It is wielding a +0 short sword of electrocution.
Found a war axe.
Vashnia and 3 naga sharpshooters come into view.
Vashnia is wielding a +2 glaive of venom and wearing a +2 barding of stealth.
The naga sharpshooter shouts! x3
The naga sharpshooter unwields a +0 short sword of electrocution.
It stops crackling.
The naga sharpshooter wields a +0 longbow.
The naga sharpshooter mumbles some strange words.
The naga sharpshooter magically shoots an arrow.
The arrow misses you.
The naga sharpshooter unwields a +0 short sword.
The naga sharpshooter wields a +0 longbow.
The naga sharpshooter casts a spell.
The naga sharpshooter magically shoots an arrow.
The arrow completely misses you.
The naga sharpshooter shouts!
You hear a shout! x3
The naga sharpshooter spits poison at you.
The splash of poison misses you.
The naga sharpshooter unwields a +0 hand axe.
The naga sharpshooter wields a +0 shortbow.
The naga sharpshooter shoots an arrow.
The arrow barely misses you.
The naga sharpshooter unwields a +0 glaive.
The naga sharpshooter wields a +0 shortbow.
The naga sharpshooter shoots an arrow.
The arrow misses you.
The naga sharpshooter shoots an arrow.
The arrow closely misses you.
The naga sharpshooter casts a spell.
The naga sharpshooter magically shoots an arrow.
The arrow hits you but does no damage.
The naga sharpshooter shoots an arrow.
The arrow completely misses you.
The naga sharpshooter casts a spell.
The naga sharpshooter magically shoots an arrow.
The arrow completely misses you.
The naga sharpshooter casts a spell.
The naga sharpshooter magically shoots an arrow.
The arrow completely misses you.
The naga sharpshooter shoots an arrow.
The arrow completely misses you.
The naga sharpshooter mumbles some strange words.
The naga sharpshooter magically shoots an arrow.
The arrow hits you.
You see here a +0 halberd.
You see here a +4 dire flail.
There is a stone staircase leading up here.
Vashnia mumbles some strange words.
Vashnia blinks!
Press: ? - help, v - describe, . - travel, g - get item
Here: a naga sharpshooter, wielding a +0 shortbow and wearing a +0 robe Item here: a wand of polymorph (5).
The floor.
Unknown command.
You see here a +4 dire flail.
Your +4 scimitar of flaming bursts into flame!
a - a +4 scimitar of flaming (weapon)
The naga sharpshooter shoots an arrow.
The arrow completely misses you.
You rampage towards the naga sharpshooter!
You closely miss the naga sharpshooter. You slash the naga sharpshooter!
You burn the naga sharpshooter.
The naga sharpshooter is lightly wounded.
The naga sharpshooter shoots an arrow.
The arrow misses you.
Vashnia casts a spell.
Vashnia blinks!
You slash the naga sharpshooter! You burn the naga sharpshooter.
The naga sharpshooter is moderately wounded.
The naga sharpshooter casts a spell.
The naga sharpshooter magically shoots an arrow.
The arrow hits you but does no damage.
The naga sharpshooter gestures wildly while chanting.
You hit the naga sharpshooter. You burn the naga sharpshooter.
The naga sharpshooter is moderately wounded.
You slash the naga sharpshooter! You burn the naga sharpshooter.
The naga sharpshooter is heavily wounded.
The naga sharpshooter shoots an arrow.
The arrow completely misses you.
You hear a shout!
You slice the naga sharpshooter!! You burn the naga sharpshooter.
The naga sharpshooter is severely wounded.
The naga sharpshooter mumbles some strange words.
The naga sharpshooter magically shoots an arrow.
The arrow hits you.
The naga sharpshooter spits poison at you.
The splash of poison hits you but does no damage.
You are poisoned.
You resist.
You slice the naga sharpshooter!! You burn the naga sharpshooter.
You kill the naga sharpshooter!
You feel sick.
The naga sharpshooter mumbles some strange words.
The naga sharpshooter magically shoots an arrow.
The arrow hits you.
You feel sick.
The naga sharpshooter shoots an arrow.
The arrow misses you.
There is a stone staircase leading up here.
You feel sick.
The naga sharpshooter shoots an arrow.
The arrow closely misses you.
You climb upwards.
You feel sick.
There is a stone staircase leading down here.
You start resting.
You feel sick.
You are no longer poisoned.
You start resting.
HP restored.
You climb downwards.
Level annotation: Vashnia
There is a stone staircase leading up here.
The naga sharpshooter shoots an arrow.
The arrow completely misses you.
You see here a +4 dire flail.
You rampage towards the naga sharpshooter!
You slash the naga sharpshooter! You burn the naga sharpshooter.
The naga sharpshooter is moderately wounded.
The naga sharpshooter spits poison at you.
The splash of poison hits you but does no damage.
You resist.
You closely miss the naga sharpshooter.
The naga sharpshooter is moderately wounded.
The naga sharpshooter spits poison at you.
The splash of poison hits you but does no damage.
You are poisoned.
You resist.
You hit the naga sharpshooter. You burn the naga sharpshooter.
The naga sharpshooter is heavily wounded.
You feel sick.
The naga sharpshooter shoots an arrow.
The arrow closely misses you.
You slash the naga sharpshooter! You burn the naga sharpshooter.
The naga sharpshooter is severely wounded.
You slash the naga sharpshooter! You burn the naga sharpshooter.
The naga sharpshooter is almost dead.
You feel sick.
The naga sharpshooter shoots an arrow.
The arrow closely misses you.
Vashnia unwields a +2 glaive of venom.
It stops dripping with poison.
Vashnia wields a +0 longbow.
Vashnia casts a spell.
Vashnia magically shoots an arrow.
The arrow closely misses you.
You hear a shout!
You closely miss the naga sharpshooter.
The naga sharpshooter is almost dead.
You feel sick.
The naga sharpshooter shoots an arrow.
The arrow completely misses you.
You hit the naga sharpshooter. You burn the naga sharpshooter.
You kill the naga sharpshooter!
Vashnia takes aim.
Vashnia shoots an arrow.
The arrow hits you!!
You hear a shout!
You feel sick.
Vashnia mumbles some strange words.
Vashnia blinks!
There is a stone staircase leading up here.
You feel sick.
You climb upwards.
You feel sick.
You are no longer poisoned.
There is a stone staircase leading down here.
You start resting.
HP restored.
You climb downwards.
Level annotation: Vashnia
There is a stone staircase leading up here.
Press: ? - help, v - describe, . - travel
Here: Vashnia, wielding a +0 longbow and wearing a +2 barding of stealth The floor.
Search for what [Enter for "snake", or ? for help]? net Can't find anything matching that.
You see here a +4 dire flail.
You start waiting.
Vashnia is nearby!
Vashnia says, "Slay the Demigod at once!"
Vashnia spits poison at you. The splash of poison hits you. You resist.
You rampage towards Vashnia!
The naga sharpshooter shouts! x2
You slash Vashnia! You burn Vashnia.
Vashnia is lightly wounded.
Vashnia shoots an arrow.
The arrow barely misses you.
The naga sharpshooter shouts!
You hit Vashnia. You burn Vashnia.
Vashnia is lightly wounded.
You hear a shout!
You miss Vashnia.
Vashnia is lightly wounded.
The naga sharpshooter unwields a +0 halberd.
The naga sharpshooter wields a +0 shortbow.
The naga sharpshooter mumbles some strange words.
Vashnia shoots an arrow.
The arrow barely misses you.
You slash Vashnia! You burn Vashnia.
Vashnia is moderately wounded.
The naga sharpshooter gestures wildly while chanting.
The naga sharpshooter magically shoots an arrow.
The arrow hits you!!
Vashnia shoots an arrow.
The arrow hits you!!
The naga sharpshooter mumbles some strange words.
The naga sharpshooter magically shoots an arrow.
The arrow hits you but does no damage.
You hit Vashnia. You burn Vashnia.
Vashnia is moderately wounded.
You closely miss Vashnia.
Vashnia is moderately wounded.
Vashnia shoots an arrow.
The arrow closely misses you.
The naga sharpshooter gestures wildly while chanting.
The naga sharpshooter magically shoots an arrow.
The arrow hits you but does no damage.
You hit Vashnia but do no damage.
Vashnia is moderately wounded.
Mlioglotl, the Unformed Horror comes into view.
Vashnia casts a spell.
Vashnia magically shoots an arrow.
The arrow completely misses you.
Mlioglotl shouts!
You slash Vashnia! You burn Vashnia.
Vashnia is moderately wounded.
You completely miss Vashnia.
Vashnia is moderately wounded.
A naga comes into view. It is wielding a +0 flail.
Vashnia unwields a +0 longbow.
Vashnia wields a +2 glaive of venom.
It begins to drip with poison!
Vashnia barely misses you. Vashnia grabs you. Vashnia constricts you.
You closely miss Vashnia.
Vashnia is moderately wounded.
Mlioglotl churns violently!
Mlioglotl corrupts the dungeon around him!
Vashnia points at you and mumbles some strange words.
The naga sharpshooter blinks!
Vashnia constricts you.
The naga sharpshooter gestures wildly while chanting.
The naga sharpshooter magically shoots an arrow.
The arrow hits you!
You escape Vashnia's grasp.
Mlioglotl churns violently!
Mlioglotl corrupts the dungeon around him!
The naga sharpshooter mumbles some strange words.
The naga sharpshooter magically shoots an arrow.
The arrow misses you.
You hear a shout!
There is a stone staircase leading up, spattered with blood here.
Press: ? - help, v - describe, . - travel
Here: Mlioglotl The floor.
Vashnia unwields a +2 glaive of venom.
It stops dripping with poison.
Vashnia wields a +0 longbow.
Vashnia shoots an arrow.
The arrow barely misses you.
You climb upwards.
There is a stone staircase leading down here.
You start resting.
HP restored.
There is an open door here.
You see here 7 stones.
There is an open door here.
There is an open door here.
There is a large open door here.
There is an open door here.
There is a stone staircase leading down here.
You climb downwards.
Level annotation: Mlioglotl, Vashnia
There is a stone staircase leading up here.
Search for what [Enter for "net", or ? for help]? relec Unknown command.
Search for what [Enter for "relec", or ? for help]? necro Unknown command.
Search for what [Enter for "necro", or ? for help]? manual You have 2409 gold pieces.
Search for what [Enter for "manual", or ? for help]? will Unknown command.
Search for what [Enter for "will", or ? for help]? artefact Vashnia is nearby!
Press: ? - help, v - describe, . - travel
Here: Vashnia, wielding a +0 longbow and wearing a +2 barding of stealth (wandering, hasn't noticed you)
The floor.
Aiming: Paralyse
Press: ? - help, Shift-Dir - straight line, f - Vashnia
Aim: Vashnia, wielding a +0 longbow and wearing a +2 barding of stealth (wandering, hasn't noticed you, chance to affect: 5%)
Okay, then.
Unknown command.
Unknown command.
You drop a ring of magical power.
Vashnia shoots an arrow.
The arrow completely misses you.
You hear a shout!
You start waiting.
Vashnia is nearby!
Really read the scroll of vulnerability?
As you read the scroll of vulnerability, it crumbles to dust.
Magic quickly surges around you.
Vashnia shoots an arrow.
The arrow hits you!
You hear a shout!
Aiming: Paralyse
Press: ? - help, Shift-Dir - straight line, f - Vashnia
Aim: Vashnia, wielding a +0 longbow and wearing a +2 barding of stealth (weak-willed, chance to affect: 44%) Vashnia suddenly stops moving!
Your +4 scimitar of flaming stops flaming.
Your hands tingle!
d - a +1 dagger of speed (weapon)
The helpless Vashnia fails to defend herself.
You skewer Vashnia like a kebab!!!!
Vashnia is almost dead.
The helpless Vashnia fails to defend herself.
You perforate Vashnia like a sieve!!!!!
You kill Vashnia!
The naga sharpshooter shouts!
The naga sharpshooter shoots an arrow.
The arrow misses you.
Items here: )) [ †.
The naga sharpshooter shoots an arrow.
The arrow misses you.
There is an escape hatch in the floor here.
Your +4 scimitar of flaming bursts into flame!
a - a +4 scimitar of flaming (weapon)
The naga sharpshooter shoots an arrow.
The arrow misses you.
The naga sharpshooter shoots an arrow.
The arrow completely misses you.
The naga sharpshooter shouts!
You rampage towards the naga sharpshooter!
The naga sharpshooter gestures wildly while chanting.
You slash the naga sharpshooter! You burn the naga sharpshooter.
The naga sharpshooter is moderately wounded.
The naga sharpshooter shoots an arrow.
The arrow hits you.
You hit the naga sharpshooter. You burn the naga sharpshooter.
The naga sharpshooter is moderately wounded.
You hit the naga sharpshooter but do no damage.
The naga sharpshooter is moderately wounded.
The naga sharpshooter spits poison at you.
The splash of poison hits you. You resist.
You hit the naga sharpshooter but do no damage.
The naga sharpshooter is moderately wounded.
The naga sharpshooter shoots an arrow.
The arrow hits you!
You slash the naga sharpshooter! You burn the naga sharpshooter.
The naga sharpshooter is heavily wounded.
You barely miss the naga sharpshooter.
The naga sharpshooter is heavily wounded.
The naga sharpshooter shoots an arrow.
The arrow closely misses you.
You slash the naga sharpshooter! You burn the naga sharpshooter.
The naga sharpshooter is severely wounded.
The naga sharpshooter unwields a +0 shortbow.
The naga sharpshooter wields a +0 halberd.
The naga sharpshooter hits you with a +0 halberd!
The naga sharpshooter misses you.
The naga sharpshooter gestures wildly while chanting.
The naga sharpshooter magically shoots an arrow.
The arrow hits you!
You barely miss the naga sharpshooter.
The naga sharpshooter is severely wounded.
You slash the naga sharpshooter! You burn the naga sharpshooter!
You kill the naga sharpshooter!
Your Stealth skill increases to level 12!
You rampage towards the naga sharpshooter!
You barely miss the naga sharpshooter.
The naga sharpshooter shoots an arrow.
The arrow hits you!
You slash the naga sharpshooter! You burn the naga sharpshooter.
The naga sharpshooter is moderately wounded.
You hit the naga sharpshooter but do no damage.
The naga sharpshooter is moderately wounded.
The naga sharpshooter shoots an arrow.
The arrow hits you but does no damage.
You closely miss the naga sharpshooter.
The naga sharpshooter is moderately wounded.
The naga sharpshooter spits poison at you.
The splash of poison hits you.
You are poisoned.
You resist.
You slash the naga sharpshooter! You burn the naga sharpshooter.
The naga sharpshooter is heavily wounded.
You feel sick.
You barely miss the naga sharpshooter.
The naga sharpshooter is heavily wounded.
The naga sharpshooter shoots an arrow.
The arrow hits you!
The naga sharpshooter shouts!
You hit the naga sharpshooter but do no damage.
The naga sharpshooter is heavily wounded.
You feel sick.
The naga sharpshooter unwields a +0 shortbow.
The naga sharpshooter wields a +0 glaive.
The naga sharpshooter misses you.
The naga sharpshooter completely misses you.
You barely miss the naga sharpshooter.
The naga sharpshooter is heavily wounded.
You feel sick.
The naga sharpshooter casts a spell.
The naga sharpshooter magically shoots an arrow.
The arrow misses you.
You slash the naga sharpshooter! You burn the naga sharpshooter.
The naga sharpshooter is severely wounded.
The naga sharpshooter unwields a +0 glaive.
The naga sharpshooter wields a +0 shortbow.
The naga sharpshooter shoots an arrow.
The arrow hits you.
You hit the naga sharpshooter but do no damage.
The naga sharpshooter is severely wounded.
You feel sick.
You closely miss the naga sharpshooter.
The naga sharpshooter is severely wounded.
You feel sick.
The naga sharpshooter shoots an arrow.
The arrow closely misses you.
You slash the naga sharpshooter! You burn the naga sharpshooter.
The naga sharpshooter is almost dead.
You feel sick.
You are no longer poisoned.
The naga sharpshooter mumbles some strange words.
The naga sharpshooter magically shoots an arrow.
The arrow hits you!
The naga sharpshooter spits poison at you.
The splash of poison misses you.
You barely miss the naga sharpshooter.
The naga sharpshooter is almost dead.
The naga sharpshooter mumbles some strange words.
You slice the naga sharpshooter!! You burn the naga sharpshooter.
You kill the naga sharpshooter!
The naga sharpshooter shoots an arrow.
The arrow barely misses you.
The naga sharpshooter shoots an arrow.
The arrow completely misses you.
You feel your willpower return.
There is a stone staircase leading up here.
You climb upwards.
There is a stone staircase leading down here.
You start resting.
HP restored.
You climb downwards.
Level annotation: Mlioglotl
There is a stone staircase leading up here.
A naga sharpshooter is nearby!
The naga sharpshooter mumbles some strange words.
The naga sharpshooter magically shoots an arrow.
The arrow hits you but does no damage.
The naga sharpshooter gestures wildly while chanting.
The naga sharpshooter magically shoots an arrow.
The arrow hits you!
You rampage towards the naga sharpshooter!
You rampage towards the naga sharpshooter!
You hit the naga sharpshooter but do no damage.
You punch the naga sharpshooter, but do no damage.
You barely miss the naga sharpshooter.
The naga sharpshooter gestures wildly while chanting.
You slash the naga sharpshooter! You burn the naga sharpshooter.
The naga sharpshooter is moderately wounded.
The naga sharpshooter shoots an arrow.
The arrow hits you but does no damage.
You slice the naga sharpshooter!! You burn the naga sharpshooter.
The naga sharpshooter is severely wounded.
You barely miss the naga sharpshooter.
The naga sharpshooter is severely wounded.
The naga sharpshooter spits poison at you.
The splash of poison hits you but does no damage.
You resist.
You hit the naga sharpshooter but do no damage.
The naga sharpshooter is severely wounded.
The naga sharpshooter casts a spell.
The naga sharpshooter magically shoots an arrow.
The arrow hits you.
You hit the naga sharpshooter. You burn the naga sharpshooter.
The naga sharpshooter is severely wounded.
You slice the naga sharpshooter!! You burn the naga sharpshooter.
You kill the naga sharpshooter!
Items here: )) [ †.
Okay, then.
You start resting.
HP restored.
Things that are here:
a +0 robe; a +0 halberd; a +0 shortbow
Things that are here:
a +0 robe; a +0 glaive; a +0 shortbow
Items here: )) [ ÷.
Items here: )) [ ÷.
Okay, then.
You see here a ring of magical power.
There is a stone staircase leading up, spattered with blood here.
An anaconda comes into view.
The naga shouts!
You hear a shout! x2
The naga spits poison at you. The splash of poison misses you.
The anaconda hisses angrily.
There is a stone staircase leading up, spattered with blood here.
The anaconda completely misses you. The anaconda closely misses you.
You slice the anaconda!! You burn the anaconda.
The anaconda is moderately wounded.
The anaconda grabs you.
The anaconda bites you but does no damage.
The anaconda constricts you.
You completely miss the anaconda.
The anaconda is moderately wounded.
The anaconda misses you. The anaconda constricts you.
You miss the anaconda.
The anaconda is moderately wounded.
The anaconda bites you! The anaconda constricts you.
You barely miss the anaconda.
The anaconda is moderately wounded.
The anaconda bites you but does no damage.
The anaconda constricts you. The anaconda misses you.
The anaconda constricts you.
You slice the anaconda!! You burn the anaconda.
The anaconda is severely wounded.
The anaconda bites you but does no damage.
The anaconda constricts you.
You completely miss the anaconda.
The anaconda is severely wounded.
The anaconda closely misses you. The anaconda constricts you.
You slash the anaconda! You burn the anaconda.
The anaconda is almost dead.
The anaconda closely misses you. The anaconda constricts you.
You closely miss the anaconda.
The anaconda is almost dead.
The anaconda bites you but does no damage.
The anaconda constricts you. The anaconda closely misses you.
The anaconda constricts you.
You slice the anaconda!! You burn the anaconda.
You kill the anaconda!
The naga completely misses you. x2
You slice the naga!! You burn the naga.
The naga is almost dead.
The naga barely misses you. The naga closely misses you.
You slice the naga!! You burn the naga.
You kill the naga!
You see here a +0 flail.
You start resting.
HP restored.
A naga comes into view. It is wielding a +0 battleaxe.
You see here a +0 flail.
There is a stone staircase leading up, spattered with blood here.
Found a scroll of identify.
Found 21 gold pieces.
q - a scroll of identify
As you read the scroll of identify, it crumbles to dust.
I - 2 potions of magic You now have 2430 gold pieces (gained 21).
You see here a +0 ring mail.
q - a wand of polymorph (5)
You now have 2438 gold pieces (gained 8).
You see here a wand of digging (6).
Press: ? - help, v - describe, . - travel
Here: Mlioglotl (wandering, hasn't noticed you)
The floor.
V - a wand of digging (6)
You see here 6 stones.
Mlioglotl shouts!
Mlioglotl churns violently!
Mlioglotl corrupts the dungeon around him!
Mlioglotl churns violently!
Mlioglotl radiates an aura of fear!
You are terrified of Mlioglotl!
You cannot move closer to Mlioglotl!
Mlioglotl churns violently!
Mlioglotl corrupts the dungeon around him!
You are no longer terrified.
The neqoxec shouts!
Mlioglotl churns violently!
Mlioglotl corrupts the dungeon around him!
You hear a bellow!
Mlioglotl churns violently!
Mlioglotl corrupts the dungeon around him!
The balrug shouts!
Mlioglotl churns violently!
Mlioglotl corrupts the dungeon around him!
You see here a +4 dire flail.
Mlioglotl churns violently!
Mlioglotl seems to grow stronger.
The ynoxinul gestures.
The ufetubus shouts!
You hear a roar!
There is a stone staircase leading up, spattered with blood here.
The ufetubus hits you but does no damage. x2
Mlioglotl closely misses you.
Mlioglotl tramples you but does no damage.
The ufetubus closely misses you. The ufetubus completely misses you.
You climb upwards.
The neqoxec disappears in a puff of smoke!
The small abomination disappears in a puff of smoke!
The ynoxinul disappears in a puff of smoke!
The ufetubus disappears in a puff of smoke! x2
The wight disappears in a puff of smoke!
There is a stone staircase leading down here.
Throw: dart (curare)
Press: ? - help, Q - select action, (/) - cycle Shift-Dir - straight line, f - Mlioglotl
Aim: Mlioglotl (strong, 85% to hit)
Okay, then.
Unknown command.
Mlioglotl completely misses you. Mlioglotl tramples you.
You stumble backwards!
Mlioglotl hits you but does no damage. Mlioglotl completely misses you.
Unknown command.
Press: ? - help, v - describe, . - travel
Here: Mlioglotl (strong)
A stone staircase leading down.
Mlioglotl is nearby!
Unknown command.
Throw: dart (curare)
Press: ? - help, Q - select action, (/) - cycle Shift-Dir - straight line, f/p - Mlioglotl
Aim: Mlioglotl (strong, 85% to hit)
You throw a curare-tipped dart.
The curare-tipped dart completely misses Mlioglotl.
Mlioglotl hits you! Mlioglotl misses you.
You slash Mlioglotl! You burn Mlioglotl.
Mlioglotl is lightly wounded.
Mlioglotl misses you. x2
You slash Mlioglotl! You burn Mlioglotl.
Mlioglotl is moderately wounded.
Mlioglotl churns violently!
Mlioglotl corrupts the dungeon around him!
The thrashing horror roars!
You slice Mlioglotl!! You burn Mlioglotl.
Mlioglotl is heavily wounded.
Mlioglotl churns violently!
Mlioglotl corrupts the dungeon around him!
You slash Mlioglotl! You burn Mlioglotl.
Mlioglotl is heavily wounded.
The thrashing horror closely misses you.
The thrashing horror tramples you but does no damage.
Mlioglotl barely misses you. x2
You slash Mlioglotl! You burn Mlioglotl. You punch Mlioglotl, but do no damage.
Mlioglotl is severely wounded.
The thrashing horror closely misses you.
The thrashing horror completely misses you.
A starcursed mass splits.
Mlioglotl hits you! Mlioglotl tramples you!!
You hold your ground!
The raiju pauses to sniff the ground.
You slice Mlioglotl!! You burn Mlioglotl!
Mlioglotl is severely wounded.
The thrashing horror misses you. The thrashing horror tramples you.
You stumble backwards!
Mlioglotl churns violently!
Mlioglotl radiates an aura of fear!
You are terrified of Mlioglotl!
A starcursed mass splits.
Okay, then.
Unknown command.
You cannot move closer to Mlioglotl!
The raiju bursts into living lightning!
The living lightning misses you.
The raiju blinks!
Mlioglotl churns violently!
Mlioglotl corrupts the dungeon around him!
A starcursed mass splits.
The thrashing horror completely misses you.
The thrashing horror tramples you but does no damage.
A chorus of shrieks assaults your mind.
A starcursed mass splits.
The ynoxinul bellows!
Aiming: Thunderbolt
Press: ? - help, Shift-Dir - straight line, f/p - Mlioglotl
Aim: Mlioglotl (severely wounded, strong, inspiring fear)
The thunderbolt hits Mlioglotl.
Mlioglotl resists.
Mlioglotl is almost dead.
The thrashing horror tramples you but does no damage.
The thrashing horror completely misses you.
A starcursed mass splits.
The large abomination hits you but does no damage.
Mlioglotl churns violently!
Mlioglotl corrupts the dungeon around him!
A starcursed mass splits.
You barely miss Mlioglotl.
Mlioglotl is severely wounded.
The thrashing horror misses you. x2; Mlioglotl hits you!
Mlioglotl completely misses you.
You attempt to attack Mlioglotl, but flinch away in fear!
The thrashing horror tramples you but does no damage.
The thrashing horror tramples you.
You hold your ground!
The thrashing horror completely misses you.
The thrashing horror tramples you but does no damage.
A starcursed mass splits.
The ynoxinul gestures.
The large abomination barely misses you.
The raiju misses you. Mlioglotl closely misses you.
Mlioglotl barely misses you.
You attempt to attack Mlioglotl, but flinch away in fear!
The thrashing horror closely misses you.
The thrashing horror tramples you but does no damage.
A starcursed mass splits.
Mlioglotl closely misses you. Mlioglotl tramples you!
You hold your ground!
You attempt to attack Mlioglotl, but flinch away in fear!
The thrashing horror tramples you but does no damage.
The thrashing horror barely misses you. The raiju closely misses you.
A cacophony of accursed wailing tears at your sanity!
* * * LOW HITPOINT WARNING * * *
The large abomination closely misses you.
The thrashing horror misses you.
The thrashing horror completely misses you.
Mlioglotl churns violently!
Mlioglotl corrupts the dungeon around him!
You hit Mlioglotl. You burn Mlioglotl.
Mlioglotl is almost dead.
The thrashing horror closely misses you.
The thrashing horror completely misses you.
The freezing wraith hits you but does no damage.
The freezing wraith barely misses you.
A starcursed mass splits.
The raiju bites you but does no damage.
A starcursed mass splits.
The large abomination completely misses you.
Mlioglotl closely misses you. x2
You attempt to attack Mlioglotl, but flinch away in fear!
Tentacles burst from the starspawn's body!
The large abomination hits you!
* * * LOW HITPOINT WARNING * * *
The freezing wraith hits you but does no damage.
The freezing wraith hits you!
* * * LOW HITPOINT WARNING * * *
The freezing wraith drains your vigour!
You feel yourself slow down.
The ufetubus completely misses you. x2; The raiju bites you.
* * * LOW HITPOINT WARNING * * *
The raiju shocks you!
* * * LOW HITPOINT WARNING * * *
2 starspawn tentacles come into view.
You feel much better. Mlioglotl hits you.
* * * LOW HITPOINT WARNING * * *
Mlioglotl tramples you but does no damage.
The ufetubus completely misses you. x2
Mlioglotl churns violently!
Mlioglotl corrupts the dungeon around him!
The freezing wraith hits you but does no damage.
The freezing wraith misses you. The raiju bites you but does no damage.
The large abomination hits you!
* * * LOW HITPOINT WARNING * * *
The large abomination closely misses you.
The ufetubus completely misses you. The ufetubus closely misses you.
Mlioglotl hits you!!
You die...

Skill      XL: |  1  2  3  4  5  6  7  8  9 10 11 12 13 14 15 16 |
---------------+-------------------------------------------------+-----
Ranged Weapons | 2 3 5 6 |  6.5
Dodging        | 2 3 5 6 7 8 9 10 11 12 | 12.5
Stealth        | 1 2 3 4 5 7 8 9 10 11 12 | 12.0
Short Blades   | 1 2 3 5 7 9 10 | 10.0
Armour         | 3 5 |  5.0
Evocations     | 4 7 9 11 12 13 14 | 14.0
Long Blades    | 3 6 8 10 12 | 12.6
Fighting       | 3 5 6 |  6.3
Spellcasting   | |  1.0
Hexes          | |  2.6

Action                     |  1- 3 |  4- 6 |  7- 9 | 10-12 | 13-15 | 16-18 || total
---------------------------+-------+-------+-------+-------+-------+-------++-------
  Melee: Short sword       |    49 |    70 |       |       |       |       ||   119
         Rapier            |       |    81 |   357 |   657 |    21 |       ||  1116
         Punch             |       |     1 |     6 |    10 |    17 |     3 ||    37
         Falchion          |       |       |       |   119 |   720 |       ||   839
         Scimitar          |       |       |       |       |   471 |   121 ||   592
         Dagger            |       |       |       |       |    36 |    11 ||    47
   Fire: Sling             |    77 |    43 |    65 |       |       |       ||   185
         Shortbow          |       |       |   106 |    69 |       |       ||   175
         Arbalest          |       |       |       |    70 |   295 |       ||   365
  Throw: Dart              |       |       |     4 |    15 |    10 |     1 ||    30
   Cast: Slow              |       |       |     2 |       |       |       ||     2
  Evoke: Wand              |       |       |       |     8 |       |     1 ||     9
         Lightning rod     |       |       |       |       |     4 |     1 ||     5
    Use: Potion            |     4 |       |       |     7 |     1 |     1 ||    13
         Scroll            |       |     5 |     6 |    11 |     8 |     2 ||    32
   Stab: Sleeping          |       |     1 |     4 |    19 |    39 |     9 ||    72
         Distracted        |       |       |     1 |     6 |    23 |       ||    30
         Paralysed         |       |       |       |     6 |       |     2 ||     8
         Petrifying        |       |       |       |       |     1 |       ||     1
 Armour: Robe              |    10 |       |    66 |    19 |       |       ||    95
         Ring mail         |     9 |    48 |     9 |   175 |   272 |       ||   513
         Scale mail        |       |       |       |       |    13 |    47 ||    60
  Dodge: Dodged            |    43 |    74 |   201 |   483 |   985 |   122 ||  1908

Levels and vault maps discovered:
D:1:      psy_arrival_dodecagon, layout_loops_corners
D:2:      layout_basic, st_stairs_9, uniq_crazy_yiuf_cottage
D:3:      layout_rooms, mainiacjoe_overflow_alcove_4, moated_statue,
          kennysheep_pointless_box, uniq_jessica
D:4:      layout_rooms, nicolae_ossuary_entry_ruins
D:5:      minmay_evil_eye, layout_layer_cave, zin_treasury,
          nicolae_dithmenos_shadow_blocks, serial_shops, shop_statue,
          minmay_holes
D:6:      layout_loops_ring, nicolae_uskayaw_suspiria, serial_shops,
          nicolae_shop_bloodbath_and_beyond
D:7:      layout_rooms, gammafunk_temple_overflow_wave,
          mainiacjoe_overflow_catch_the_wave,
          minmay_temple_entry_enclosed_plants, hangedman_glass_teeth,
          chequers_decorated_corner, uniq_maggie
D:8:      layout_basic, grunt_ashenzari_visionary
          [grunt_ashenzari_visionary_shoals, grunt_ashenzari_visionary_snake],
          lemuel_doored_altar, dpeg_oklobed_lair, serial_aquarium,
          aquarium_bridge_long_joined [aquarium_subvault_bridge,
          aquarium_subvault_wall, aquarium_subvault_bridge,
          aquarium_subvault_bridge, aquarium_subvault_wall,
          aquarium_subvault_window], aquarium_window_1, aquarium_window_2,
          aquarium_view_2d, serial_shops, shop
D:9:      layout_gridville, serial_shops, nicolae_stop_n_shop_2,
          dreamdust_mushroom_princess, st_stairs_14, fungi_pond_lemuel,
          grunt_ministairs_1, nicolae_shop_unique_rings
D:10:     cheibrodos_fzero, layout_basic, okawaru_humans, enter_bailey_3
D:11:     layout_roguey
D:12:     old_forge, layout_long_grid, orc_0_dummy, serial_shops, shop,
          kennysheep_generic_room_6
D:13:     layout_stronghold, nrook_loot_triangle,
          minmay_misc_feat_secret_circle, nicolae_vehumet_altar_sigil,
          uniq_frances, uniq_azrael
D:14:     layout_loops_ring, lightli_vaults_fourway_checkpoint,
          portal_ice_cave_entry_dragon, hangedman_decor_riveting,
          onia_ninara_cookie, uniq_louise
D:15:     grunt_enter_depths_giant_problem, layout_long_grid, uniq_agnes
Lair:1:   layout_hall_layers, minivault_27, infiniplex_staircase_pool_2
Lair:2:   layout_regular_city, basic_altar
Lair:3:   nzn_winding_woodlands_cross [nzn_winding_woodlands_5x15_jagged,
          nzn_winding_woodlands_5x15_garden, nzn_winding_woodlands_5x15_eye,
          nzn_winding_woodlands_5x15_pool, nzn_winding_woodlands_15x15_killbox],
          layout_cave_shapes, minmay_shoals_entry_centaurs,
          guppyfry_snake_entry_garden, serial_bayou, serial_bayou_pond_d,
          serial_bayou_lagoon_a, serial_bayou_pond_c, serial_bayou_pond_a,
          nzn_sisyphean_effort
Lair:4:   gammafunk_cloud_chamber, layout_loops_ring, dpeg_slime_entry_enclosed
Lair:5:   grunt_lair_end_beastmaster, layout_hall_layers, st_stairs_11,
          minivault_27, nicolae_lair_run_with_the_wolves, lemuel_fruit_fields,
          grunt_megastairs_4
Snake:1:  layout_gridlike, lemuel_fruit_tree, uniq_asterion
Snake:2:  layout_rooms, serial_shops, nicolae_shop_statue_plus,
          grunt_megastairs_2, uniq_vashnia, uniq_mlioglotl
Orc:1:    layout_caves
Orc:2:    grunt_orc_cross, layout_diamond_mine, uniq_maurice, uniq_saint_roka

Notes
Turn   | Place    | Note
-------+----------+-------------------------------------------
     0 | D:1      | scionoferis the Demigod Hexslinger began the quest for the
                  | Orb.
     0 | D:1      | Reached XP level 1. HP: 15/15 MP: 4/4
    46 | D:1      | Reached skill level 2 in Ranged Weapons
   217 | D:1      | Reached skill level 2 in Dodging
   261 | D:1      | Reached XP level 2. HP: 22/22 MP: 5/5
   418 | D:1      | Reached skill level 1 in Stealth
   974 | D:2      | Reached XP level 3. HP: 27/27 MP: 6/6
  1021 | D:2      | Reached skill level 1 in Short Blades
  1585 | D:2      | Identified the +3 ring mail of Paunutt {Dex+2}
  1699 | D:2      | Found a runed translucent door.
  1700 | D:2      | Noticed Crazy Yiuf
  1814 | D:3      | Noticed Jessica
  1889 | D:2      | Reached XP level 4. HP: 13/34 MP: 8/8
  2105 | D:3      | Killed Jessica
  2106 | D:3      | Reached skill level 2 in Short Blades
  2106 | D:3      | Reached skill level 2 in Stealth
  2510 | D:4      | Found a sand-covered staircase.
  2522 | Ossuary  | Entered an ossuary
  2524 | Ossuary  | Identified a scroll of acquirement
  2551 | Ossuary  | Reached skill level 3 in Dodging
  2551 | Ossuary  | Reached XP level 5. HP: 22/39 MP: 9/9
  2563 | Ossuary  | Reached skill level 3 in Ranged Weapons
  2750 | Ossuary  | Acquired a +2 rapier of venom
  2784 | Ossuary  | Reached skill level 3 in Stealth
  2784 | Ossuary  | Reached XP level 6. HP: 46/46 MP: 10/10
  2897 | Ossuary  | Reached skill level 3 in Short Blades
  3209 | Ossuary  | Reached XP level 7. HP: 37/51 MP: 11/11
  3314 | Ossuary  | Reached skill level 4 in Dodging
  3319 | Ossuary  | Reached skill level 4 in Short Blades
  3413 | Ossuary  | Reached skill level 4 in Stealth
  3632 | D:4      | Identified a +1 robe of resistance
  4020 | D:4      | Reached skill level 5 in Short Blades
  4343 | D:2      | Killed Crazy Yiuf
  4394 | D:5      | Entered Level 5 of the Dungeon
  4652 | D:5      | Identified the +5 ring mail of Inevitability {+Inv}
  4729 | D:5      | Reached skill level 5 in Dodging
  4729 | D:5      | Reached XP level 8. HP: 58/58 MP: 12/12
  4750 | D:5      | Reached skill level 1 in Armour
  4803 | D:5      | Reached skill level 6 in Short Blades
  5087 | D:5      | Found Vikorarr's Book Shoppe.
  5188 | D:5      | Reached skill level 2 in Armour
  6071 | D:6      | Reached skill level 7 in Short Blades
  6084 | D:6      | Found Aturch Ywiddi's Weapon Emporium.
  6188 | D:6      | Reached skill level 3 in Armour
  6430 | D:6      | Reached skill level 6 in Dodging
  6430 | D:6      | Reached XP level 9. HP: 63/63 MP: 13/13
  6969 | D:7      | Noticed Maggie
  6994 | D:7      | Killed Maggie
  6995 | D:7      | Reached skill level 8 in Short Blades
  7053 | D:7      | Reached skill level 4 in Armour
  7116 | D:7      | Found a staircase to the Ecumenical Temple.
  7374 | D:8      | Found Fifumm's Armour Emporium.
  7567 | D:8      | Found a staircase to the Lair.
  7797 | D:8      | Reached skill level 9 in Short Blades
  7797 | D:8      | Reached skill level 7 in Dodging
  8026 | D:8      | Saw a vision of the Shoals and the Snake Pit.
  8026 | D:8      | Noticed an anaconda
  8026 | D:8      | Noticed a salamander
  8026 | D:8      | Noticed a naga warrior
  8026 | D:8      | Noticed an anaconda
  8026 | D:8      | Noticed a salamander
  8026 | D:8      | Noticed a cyclops
  8026 | D:8      | Noticed a merfolk impaler
  8026 | D:8      | Noticed a merfolk aquamancer
  8026 | D:8      | Noticed a manticore
  8026 | D:8      | Noticed a manticore
  8026 | D:8      | Noticed a water nymph
  8027 | D:8      | Noticed a water nymph
  8028 | D:8      | Noticed a naga mage
  8028 | D:8      | Noticed a harpy
  8031 | D:8      | Noticed an anaconda
  8354 | D:8      | Reached skill level 5 in Armour
  8354 | D:8      | Reached XP level 10. HP: 23/70 MP: 14/14
  8754 | D:9      | Noticed a two-headed ogre
  8883 | D:9      | Reached skill level 1 in Evocations
  8934 | D:9      | Identified the +3 trident of Wicked Subterfuge {heavy, rN+
                  | Dex+3}
  9029 | D:9      | Identified the +7 falchion "Coijuk" {spect, rC+ Will+}
  9087 | D:9      | Identified the +1 cloak of Recklessness {-Tele rElec rC-
                  | Str+5}
  9164 | D:9      | Reached skill level 2 in Evocations
  9209 | D:9      | Killed a two-headed ogre
  9305 | D:9      | Reached skill level 3 in Evocations
  9321 | D:9      | Reached skill level 10 in Short Blades
  9437 | D:9      | Found Archemut's Distillery.
  9519 | D:9      | Found Suommang's One-of-a-Kind Rings.
  9610 | D:9      | Reached skill level 1 in Long Blades
  9622 | D:9      | Reached skill level 5 in Stealth
  9658 | D:9      | Reached skill level 2 in Long Blades
  9785 | D:10     | Entered Level 10 of the Dungeon
  9796 | D:10     | Reached skill level 4 in Evocations
  9799 | D:10     | Acquired the +0 pair of gloves of Gallantry {rN+ Dex+3}
  9839 | D:10     | Noticed a cyan ugly thing
  9860 | D:10     | Killed a cyan ugly thing
  9864 | D:10     | HP: 6/70 [something (28)]
  9884 | D:10     | Reached skill level 8 in Dodging
  9967 | D:10     | Reached skill level 3 in Long Blades
  9974 | D:10     | Reached XP level 11. HP: 72/75 MP: 15/15
 10156 | D:10     | Found a flagged portal.
 10175 | Bailey   | Entered a bailey
 10269 | Bailey   | Reached skill level 5 in Evocations
 10357 | Bailey   | Noticed an orc knight
 10553 | Bailey   | Killed an orc knight
 10554 | Bailey   | Reached skill level 4 in Long Blades
 11139 | D:10     | Noticed a deep elf pyromancer
 11157 | D:10     | Killed a deep elf pyromancer
 11158 | D:10     | Reached skill level 6 in Stealth
 11752 | D:11     | Noticed a two-headed ogre
 11927 | D:11     | Noticed a centaur warrior
 11940 | D:11     | Killed a centaur warrior
 11941 | D:11     | Reached skill level 6 in Evocations
 12036 | D:11     | Killed a two-headed ogre
 12037 | D:11     | Reached skill level 5 in Long Blades
 12508 | D:12     | Found Woudd's General Store.
 12531 | D:12     | Found a staircase to the Orcish Mines.
 12535 | D:12     | Bought a potion of heal wounds for 75 gold pieces
 12535 | D:12     | Bought a potion of curing for 45 gold pieces
 12535 | D:12     | Bought a scroll of identify for 30 gold pieces
 12535 | D:12     | Bought a scroll of identify for 30 gold pieces
 12865 | D:12     | Noticed a boulder beetle
 12878 | D:12     | Killed a boulder beetle
 12937 | D:12     | Reached skill level 6 in Long Blades
 12995 | D:12     | Noticed a boulder beetle
 13013 | D:12     | Killed a boulder beetle
 13014 | D:12     | Reached skill level 7 in Evocations
 13267 | D:13     | Noticed a centaur warrior
 13280 | D:13     | Killed a centaur warrior
 13281 | D:13     | Reached skill level 7 in Stealth
 13326 | D:13     | Noticed a centaur warrior
 13326 | D:13     | Noticed a two-headed ogre
 13344 | D:13     | Reached skill level 9 in Dodging
 13350 | D:13     | Killed a two-headed ogre
 13351 | D:13     | Reached XP level 12. HP: 57/82 MP: 16/16
 13440 | D:13     | Noticed Azrael
 13468 | D:13     | Killed Azrael
 13579 | D:13     | Noticed Frances
 13744 | D:13     | Noticed a centaur warrior
 13779 | D:13     | Killed a centaur warrior
 13780 | D:13     | Reached skill level 7 in Long Blades
 13969 | D:13     | Reached skill level 8 in Evocations
 14051 | D:13     | You fall into a shaft and drop 1 floor!
 14061 | D:14     | Noticed a centaur warrior
 14084 | D:14     | Noticed an ice dragon
 14093 | D:14     | Found a frozen archway.
 14099 | D:14     | Killed an ice dragon
 14123 | IceCv    | Entered an ice cave
 14449 | IceCv    | Reached skill level 8 in Long Blades
 14641 | IceCv    | Reached skill level 8 in Stealth
 14659 | IceCv    | Reached skill level 9 in Evocations
 14904 | IceCv    | Noticed a reaper
 14904 | IceCv    | Noticed a reaper
 14904 | IceCv    | Noticed a reaper
 14914 | IceCv    | Killed a reaper
 14941 | IceCv    | Killed a reaper
 14942 | IceCv    | Killed a reaper
 14976 | IceCv    | Got Jesaq's Lectures on Congelation
 15181 | D:14     | Reached XP level 13. HP: 69/88 MP: 17/17
 15780 | D:14     | Identified the +0 tower shield of Dosenneade {rC- rCorr
                  | Int+7}
 15780 | D:14     | Noticed Louise
 15783 | D:14     | Killed Louise
 15820 | D:14     | Reached skill level 9 in Long Blades
 15862 | D:14     | Reached skill level 10 in Dodging
 15914 | D:14     | Found a gate to the Vaults.
 16198 | Lair:1   | Entered Level 1 of the Lair of Beasts
 16524 | Lair:1   | Reached skill level 10 in Evocations
 16828 | Lair:1   | Identified the +2 leather armour of Ricvy {Drain rF+ Int+3}
 17185 | Lair:2   | Upgraded the game from 0.30-a0-726-gd89dcf765f to
                  | 0.30-a0-728-gc68057be0a
 17565 | Lair:2   | Reached skill level 9 in Stealth
 17929 | Lair:2   | Reached skill level 10 in Long Blades
 18964 | Lair:3   | Found a staircase to the Snake Pit.
 18982 | Lair:3   | Found a staircase to the Shoals.
 19128 | Lair:3   | Reached skill level 11 in Evocations
 19604 | Lair:3   | Reached XP level 14. HP: 94/94 MP: 19/19
 20257 | Lair:4   | Reached skill level 11 in Long Blades
 20437 | Lair:4   | Found a transporter.
 20612 | Lair:4   | Reached skill level 1 in Fighting
 20755 | Lair:4   | Found a transporter.
 20952 | Lair:4   | Found a staircase to the Slime Pits.
 21384 | Lair:4   | Reached skill level 11 in Dodging
 21582 | Lair:4   | Identified the -1 pair of gloves of Serendipity {rCorr
                  | Dex-4 Slay+2}
 21627 | Lair:5   | Entered Level 5 of the Lair of Beasts
 21674 | Lair:5   | Reached skill level 10 in Stealth
 21900 | Lair:5   | Reached skill level 2 in Fighting
 22017 | Lair:5   | Reached skill level 12 in Evocations
 23061 | Lair:5   | Reached skill level 3 in Fighting
 23824 | Lair:5   | Reached skill level 12 in Long Blades
 24349 | D:13     | Killed Frances
 24524 | D:14     | Reached XP level 15. HP: 108/108 MP: 20/20
 24908 | D:14     | Reached skill level 4 in Fighting
 24979 | D:14     | Paralysed by a floating eye for 3 turns
 25618 | D:15     | Entered Level 15 of the Dungeon
 25631 | D:15     | Reached skill level 13 in Evocations
 25834 | D:15     | Identified the +0 robe of the Cockroach {Will+ Dex+3 SInv}
 25953 | D:15     | Reached skill level 11 in Stealth
 26048 | D:15     | Found a staircase to the Depths.
 26213 | D:15     | Noticed Agnes
 26247 | D:15     | Killed Agnes
 26800 | Orc:1    | Entered Level 1 of the Orcish Mines
 27384 | Orc:2    | Entered Level 2 of the Orcish Mines
 27393 | Orc:2    | Reached skill level 5 in Fighting
 27644 | Orc:2    | Found a staircase to the Elven Halls.
 27916 | Orc:2    | Noticed Maurice
 27919 | Orc:2    | Reached skill level 12 in Dodging
 27930 | Orc:2    | Killed Maurice
 28081 | Orc:2    | Paralysed by an orc sorcerer for 5 turns
 28330 | Orc:2    | Reached skill level 4 in Ranged Weapons
 28755 | Orc:2    | Noticed Saint Roka
 28789 | Orc:2    | Killed Saint Roka
 29217 | Orc:2    | Found Ozoteg's Antique Weapon Shop.
 29224 | Orc:2    | Found Anier's Antique Armour Shop.
 29230 | Orc:2    | Found Jyilae's Book Shop.
 29328 | Orc:2    | Found Tooneli's General Store.
 29746 | D:8      | Bought a +2 cloak for 198 gold pieces
 29991 | Snake:1  | Entered Level 1 of the Snake Pit
 30389 | Snake:1  | Noticed Asterion
 30421 | Snake:1  | Killed Asterion
 30455 | Snake:1  | Reached skill level 5 in Ranged Weapons
 30499 | Snake:1  | Noticed a nagaraja
 30778 | Snake:1  | Killed a nagaraja
 31787 | Snake:2  | Reached XP level 16. HP: 122/122 MP: 21/21
 31871 | Snake:2  | Reached skill level 6 in Fighting
 32117 | Snake:2  | Found Tilitua's Magic Scroll Emporium.
 32142 | Snake:2  | Reached skill level 6 in Ranged Weapons
 32416 | Snake:2  | Reached skill level 14 in Evocations
 32427 | Snake:2  | Noticed Vashnia
 32606 | Snake:2  | Noticed Mlioglotl
 32883 | Snake:2  | Killed Vashnia
 32912 | Snake:2  | Reached skill level 12 in Stealth
 33404 | Snake:1  | Noticed a tentacled starspawn
 33405 | Snake:1  | HP: 8/124 [raiju[Mlioglotl] (7)]
 33406 | Snake:1  | Mangled by Mlioglotl

Vanquished Creatures
  Saint Roka (Orc:2)
  Vashnia (Snake:2)
  Asterion (Snake:1)
  Frances (D:13)
  Agnes (D:15)
  2 nagarajas (Snake:1 Snake:2)
  Louise (D:14)
  An orc warlord (Orc:2)
  3 reapers (IceCv)
  A stone giant (D:15)
  Azrael (D:13)
  An ice dragon (D:14)
  10 hydras (Lair:2 Lair:3 Lair:4 Lair:5 D:14)
  A caustic shrike simulacrum (IceCv)
  4 vault guards (D:13 D:14)
  5 anacondas (Snake:1 Snake:2)
  10 centaur warriors (D:11 D:13 D:14 D:15)
  5 catoblepae (Lair:1 Lair:5)
  5 death yaks (Lair:5)
  A death knight (D:15)
  A tengu warrior (D:14)
  6 two-headed ogres (D:9 D:11 D:13 D:14 Orc:1)
  5 boulder beetles (D:12 Lair:3 D:14)
  A deep troll shaman (Lair:5)
  7 naga warriors (Snake:1 Snake:2)
  2 orc high priests (Orc:1 Orc:2)
  10 naga sharpshooters (Snake:1 Snake:2)
  A shock serpent (Snake:1)
  A fire crab (Lair:4)
  A skeletal warrior (D:15)
  2 naga ritualists (Snake:1 Snake:2)
  3 bog bodies (IceCv)
  2 obsidian statues (IceCv)
  5 orc knights (Bailey D:12 Orc:2)
  4 deep elf pyromancers (D:10 D:13 D:14)
  A spriggan simulacrum (IceCv)
  A mana viper (Snake:2)
  2 orc sorcerers (Orc:2)
  2 salamanders (Snake:2)
  A wolf spider (Lair:5)
  5 manticores (D:10 D:13 D:14)
  2 ugly things (D:10 D:14)
  11 cyclopes (D:12 D:13 D:14 D:15)
  23 elephants (Lair:2 Lair:3 Lair:4 Lair:5)
  A salamander (shapeshifter) (D:14)
  Maurice (Orc:2)
  13 black mambas (Lair:1 Lair:3 Lair:4 Lair:5 Snake:1)
  A naga mage (Snake:1)
  10 cane toads (Lair:1 Lair:2 Lair:3 Lair:4 Lair:5)
  A cane toad (shapeshifter) (D:14)
  Maggie (D:7)
  A gargoyle (D:13)
  7 freezing wraiths (IceCv D:15)
  2 kobold demonologists (D:14)
  8 komodo dragons (D:12 Lair:1 Lair:3 Lair:4 Lair:5)
  A komodo dragon (shapeshifter) (D:15)
  5 rime drakes (Lair:2 Lair:3 Lair:5)
  A yaktaur (shapeshifter) (D:13)
  4 golden dragon simulacra (IceCv)
  3 efreet (D:14 D:15)
  6 trolls (D:10 D:12 D:13 Orc:2)
  6 polar bears (Lair:1 Lair:4 Lair:5)
  23 blink frogs (Lair:1 Lair:2 Lair:3 Lair:4)
  6 slime creatures (D:10 D:14 D:15)
  10 dream sheep (Lair:5)
  2 shadows (D:10 D:11)
  6 wyverns (D:8 D:9 Lair:2 Lair:3)
  3 fire bats (Lair:4)
  2 wraiths (D:10 D:15)
  61 yaks (D:8 D:9 D:10 D:11 Lair:3)
  3 basilisks (D:13 D:14)
  A fire elemental (Lair:4)
  2 humans (D:10)
  A minotaur simulacrum (IceCv)
  3 vampire mosquitoes (D:13 D:14)
  3 steam dragons (D:10)
  2 wargs (D:12 Orc:2)
  11 nagas (Lair:3 Snake:1 Snake:2)
  An acid dragon (D:9)
  A floating eye (D:14)
  3 hydra simulacra (IceCv)
  6 hell hounds (D:13 Lair:4)
  9 water moccasins (Lair:2 Lair:3 Lair:4 Lair:5)
  2 ice beasts (D:6 D:7)
  3 sky beasts (D:6 D:8)
  3 black bears (D:5 D:8 Lair:5)
  37 orc warriors (D:6 D:9 D:10 Bailey D:12)
  An alligator simulacrum (IceCv)
  3 ettin simulacra (IceCv)
  8 ogres (D:5 D:6 D:7 Orc:1 Orc:2)
  A boggart (D:14)
  17 wolves (Lair:1 Lair:2 Lair:3 Lair:5)
  14 centaurs (D:5 D:6 D:8 D:9 D:10)
  5 kobold brigands (D:4 D:8 D:9 D:10)
  14 bullfrogs (D:6 D:7 D:8 D:9 Lair:2)
  2 necrophages (D:5 D:7)
  13 scorpions (Ossuary D:6 D:12)
  11 wights (D:8 D:9)
  A lindwurm simulacrum (IceCv)
  9 killer bees (D:9 D:10)
  9 howler monkeys (D:7 D:9 D:10)
  2 electric eels (D:7 Lair:3)
  A centaur zombie (Ossuary)
  3 human zombies (Ossuary)
  4 hounds (D:5 D:6 D:7)
  19 orc priests (D:4 D:5 D:10 Orc:1 Orc:2)
  2 jellies (D:5 D:6)
  Crazy Yiuf (D:2)
  A gnoll bouda (D:4)
  Jessica (D:3)
  33 orc wizards (D:4 D:5 D:8 D:10 D:11)
  3 iguanas (D:4 D:5)
  4 scorpion zombies (Ossuary)
  3 mummies (Ossuary)
  10 adders (D:2 D:3 D:4 D:5 D:12)
  2 gnolls (D:4 D:3)
  2 ufetubi (D:5)
  A worm (D:5)
  A dart slug (D:4)
  92 orcs (D:2 D:3 D:4 D:5 D:6)
  10 ball pythons (D:1 D:2 D:3 D:4)
  11 bats (D:1 D:3 D:12)
  5 endoplasms (D:1 D:2 D:4)
  4 giant cockroaches (D:2 D:3 D:4)
  A gnoll zombie (Ossuary)
  8 goblins (D:1 D:2 D:4 D:10)
  12 hobgoblins (D:1 D:2 D:3 D:4)
  5 quokkas (D:2 D:3 D:4 D:5)
  5 frilled lizards (D:2 D:3)
  4 hobgoblin zombies (Ossuary)
  13 kobolds (D:1 D:2 D:3 D:4 D:8)
  An orc zombie (Ossuary)
  7 rats (D:1 D:2 D:3)
810 creatures vanquished.

Vanquished Creatures (collateral kills)
  3 gnolls (D:4)
3 creatures vanquished.

Vanquished Creatures (others)
  A dream sheep (Lair:5)
  An orc wizard (D:10)
  A bush (Lair:4)
  34 fungi (D:8 D:12 Lair:1 Lair:2 Lair:3)
  44 plants (D:8 Lair:2 Lair:3 Lair:4 Lair:5)
81 creatures vanquished.

Grand Total: 894 creatures vanquished

Table legend: (Time is in decaauts)
 A = Elapsed time spent in this place.
 B = Non-inter-level travel time spent in this place.
 C = Inter-level travel time spent in this place.
 D = Time resting spent in this place.
 E = Time spent auto-exploring this place.
 F = Levels seen in this place.
 G = Mean time per level.
                   A        B        C        D        E       F      G
               +--------+--------+--------+--------+--------+-----+--------+
         Total |  32817 |  30239 |   2578 |   6792 |  13071 |  27 | 1215.4 |
       Dungeon |  16521 |  14692 |   1829 |   1613 |   8520 |  15 | 1101.4 |
          Lair |   7935 |   7508 |    427 |   2164 |   3141 |   5 | 1587.0 |
     Snake Pit |   3342 |   3180 |    162 |   1444 |    571 |   2 | 1671.0 |
  Orcish Mines |   2632 |   2472 |    160 |    685 |    634 |   2 | 1316.0 |
       Ossuary |   1030 |   1030 |      0 |    543 |    108 |   1 | 1030.0 |
        Bailey |    491 |    491 |      0 |    128 |     96 |   1 |  491.0 |
      Ice Cave |    863 |    863 |      0 |    213 |      0 |   1 |  863.0 |
               +--------+--------+--------+--------+--------+-----+--------+

Top non-repeatable levels by time:
 Snake:1: 2362 daAuts
  Lair:5: 2334 daAuts
   Orc:2: 2128 daAuts
  Lair:3: 1960 daAuts
     D:8: 1816 daAuts
    D:14: 1535 daAuts
     D:5: 1512 daAuts
  Lair:4: 1368 daAuts
    D:13: 1323 daAuts
    D:12: 1310 daAuts
  Lair:2: 1297 daAuts
     D:2: 1269 daAuts
     D:9: 1154 daAuts
    D:10: 1080 daAuts
 Ossuary: 1030 daAuts

Table legend:
 A = Non-vault XP
 B = Vault XP
 C = Vault XP percentage of total XP
 D = Non-vault monster count
 E = Vault monster count
 F = Vault count percentage of total count
                 A         B        C        D         E       F
            +---------+---------+-------+---------+---------+-------
      Total |  114205 |   84824 |  42.6 |     540 |     275 |  33.7
            +---------+---------+-------+---------+---------+-------
        D:1 |      30 |       0 |   0.0 |      18 |       0 |   0.0
        D:2 |      75 |      57 |  43.2 |      20 |       4 |  16.7
        D:3 |      56 |      37 |  39.8 |      20 |       1 |   4.8
        D:4 |     405 |       0 |   0.0 |      27 |       0 |   0.0
        D:5 |     424 |     369 |  46.5 |      22 |       4 |  15.4
        D:6 |     944 |       0 |   0.0 |      13 |       0 |   0.0
        D:7 |     626 |     395 |  38.7 |       9 |       1 |  10.0
        D:8 |    2223 |     292 |  11.6 |      36 |       2 |   5.3
        D:9 |    2682 |    1198 |  30.9 |      25 |       5 |  16.7
       D:10 |    1248 |    3796 |  75.3 |      16 |      22 |  57.9
       D:11 |    2977 |       0 |   0.0 |      15 |       0 |   0.0
       D:12 |    3906 |    1559 |  28.5 |      19 |      14 |  42.4
       D:13 |    6571 |    4084 |  38.3 |      13 |       8 |  38.1
       D:14 |    5824 |   15677 |  72.9 |      13 |      28 |  68.3
       D:15 |    8949 |    2540 |  22.1 |      21 |       2 |   8.7
     Lair:1 |    5129 |       0 |   0.0 |      17 |       0 |   0.0
     Lair:2 |    8056 |       0 |   0.0 |      23 |       0 |   0.0
     Lair:3 |   11004 |    4400 |  28.6 |      43 |      15 |  25.9
     Lair:4 |    9110 |    2303 |  20.2 |      29 |       9 |  23.7
     Lair:5 |   14840 |   13100 |  46.9 |      42 |      31 |  42.5
    Snake:1 |   13928 |    1734 |  11.1 |      22 |       1 |   4.3
    Snake:2 |   10334 |    7340 |  41.5 |      19 |       7 |  26.9
      Orc:1 |    2480 |       0 |   0.0 |      16 |       0 |   0.0
      Orc:2 |    2384 |   11195 |  82.4 |      42 |      46 |  52.3
    Ossuary |       0 |    1046 | 100.0 |       0 |      25 | 100.0
     Bailey |       0 |    1467 | 100.0 |       0 |      23 | 100.0
      IceCv |       0 |   12235 | 100.0 |       0 |      27 | 100.0
            +---------+---------+-------+---------+---------+-------
